 Dungeon Crawl Stone Soup version 0.15.2 (webtiles) character file.

48 Miyamura the Chiller (level 3, -7/26 HPs)
             Began as a Merfolk Ice Elementalist on Dec 13, 2014.
             Mangled by a gnoll
             ... wielding a +0 halberd
              (15 damage)
             ... on Level 2 of the Dungeon.
             The game lasted 00:06:11 (2551 turns).

Miyamura the Chiller (Merfolk Ice Elementalist)     Turns: 2551, Time: 00:06:11

HP  -7/26        AC  2     Str  8      XL: 3   Next: 72%
MP   4/6         EV 13     Int 15      God:
Gold 65          SH  0     Dex 14      Spells:  2 memorised,  4 levels left

rFire  . . .     SeeInvis .     j - +0 spear
rCold  . . .     Clarity  .     a - +0 robe
rNeg   . . .     rCorr    .     (no shield)
rPois  .         rRot     .     (no helmet)
rElec  .         Spirit   .     (no cloak)
SustAb .         Warding  .     (no gloves)
rMut   .         Stasis   .     (no boots)
Gourm  .                        (no amulet)
MR     .....                    (no ring)
                                (no ring)

@: not resistant to hostile enchantments, unstealthy
A: change form in water, swift swim
a: no special abilities


You were on level 2 of the Dungeon.
You were very hungry.

You visited 1 branch of the dungeon, and saw 2 of its levels.

You collected 65 gold pieces.

Inventory:

Hand weapons
 j - a +0 spear (weapon)
Armour
 a - a +0 robe (worn)
Comestibles
 c - 2 bread rations
 g - a beef jerky
 l - a fruit
Scrolls
 d - a scroll of amnesia {unknown}
 e - 2 scrolls of identify
 k - a scroll of random uselessness
 o - a scroll of fog {unknown}
Potions
 f - a potion of restore abilities {unknown}
 h - a potion of flight {unknown}
 i - a potion of magic {unknown}
 m - a potion of brilliance {unknown}
 n - a potion of poison {unknown}
 p - a potion of curing {unknown}
Books
 b - a book of Frost

   Spells                             Type                      Level
   *Freeze                            Ice                          1
   *Throw Frost                       Conjuration/Ice              2
   Ozocubu's Armour                   Charms/Ice                   3
   Throw Icicle                       Conjuration/Ice              4
   Summon Ice Beast                   Ice/Summoning                4
   Condensation Shield                Ice                          4


   Skills:
 + Level 1.5 Fighting
 + Level 0.8 Polearms
 + Level 3.3 Dodging
 - Level 2.1 Stealth
 + Level 2.5 Spellcasting
 - Level 0.7 Conjurations
 + Level 3.7 Ice Magic


You had 4 spell levels left.
You knew the following spells:

 Your Spells              Type           Power        Failure   Level  Hunger
a - Freeze                Ice            ##..         6%          1    #......
b - Throw Frost           Conj/Ice       #.....       14%         2    ##.....


Dungeon Overview and Level Annotations

Branches:
Dungeon (2/15)

Altars:
The Shining One


Message History

Aim: a gnoll, wielding a halberd and wearing a ring mail You freeze the gnoll.
The gnoll is moderately wounded.
The gnoll hits you with a halberd!
Read which item? (? for menu, Esc to quit)
As you read the scroll labeled NOIRETU SOKORU, it crumbles to dust.
It is a scroll of identify.
Identify which item? (\ to view known items) (? for menu, Esc to quit)
k - a scroll of random uselessness The gnoll completely misses you.
Casting: Freeze
Confirm with . or Enter, or press ? or * to list all spells.
Aiming: Freeze
Press: ? - help, Shift-Dir - straight line, f/p - gnoll
Aim: a gnoll, wielding a halberd and wearing a ring mail (moderately wounded)
You freeze the gnoll.
The gnoll is moderately wounded.
The gnoll hits you with a halberd!
Ouch! That really hurt!
You die...

♣.♣♣..##.##.## #.......#..#.♣♣
♣..♣.###.##..# #............♣♣
♣.♣♣## #..##.######........#..#♣♣
P.♣♣.# ##......##....#....>#.## ♣
♣.♣♣.# #####.....####.#.....####
#...## ###....#####........##.
##...# ##............###.##....
###.# ##....<.g......##..####..
####.# #.......@................
...#.####..........♣.♣.♣.........
.................................
.....###...........♣.♣.♣.........
.....###.........................
......####.......................
.................................
.....######..#....###.#..........
......)..)..............#........


You could see a gnoll.

Vanquished Creatures
  2 gnolls (D:2)
  9 bats
  4 giant cockroaches
  4 hobgoblins
  3 goblins
  3 kobolds
  4 rats
29 creatures vanquished.

Notes
Turn   | Place    | Note
--------------------------------------------------------------
     0 | D:1      | Miyamura, the Merfolk Ice Elementalist, began the quest for the Orb.
     0 | D:1      | Reached XP level 1. HP: 13/13 MP: 3/3
   482 | D:1      | Reached XP level 2. HP: 20/20 MP: 2/4
   508 | D:1      | Learned a level 2 spell: Throw Frost
   914 | D:2      | Reached skill level 1 in Fighting
  1223 | D:2      | Found a glowing golden altar of the Shining One.
  1239 | D:2      | Reached XP level 3. HP: 26/26 MP: 6/6
  2551 | D:2      | Mangled by a gnoll

Action                   || total
-------------------------++-------
Melee: Spear             ||    86
 Cast: Freeze            ||    19
  Use: Scroll            ||     1
 Stab: Sleeping          ||     1
  Eat: Chunk             ||     4
